cohdb
Replays
Latest Replays
All Replays
Popular Replays
Top Player Replays
Match Explorer
How It Works
Community
CoH3 Stats
Reddit
Sign in to upload your games and track your stats! →
Sign in with Steam
Match 32467064
Unlisted
Match 32467064
Overview
Messages
Build Orders
End
Vickers Machine Gun Team
Construct Section Command Post
Selects Indian Artillery Battlegroup
Infantry Section
Infantry Section
Grenade Package
Construct Field Infirmary
Selects Towed ML 4.2-inch Heavy Mortar
Towed ML 4.2-inch Heavy Mortar
Infantry Section
Construct Platoon Command Post
6-pounder Anti-tank Gun Team
Selects Off-map Airburst Barrage
Selects War Cry
Towed ML 4.2-inch Heavy Mortar
Construct Company Command Post
Selects Gurkha Rifles Section
Selects BL5.5 Artillery Emplacement
Vickers Machine Gun Team
Off-map Airburst Barrage
Matilda II Heavy Tank
Infantry Training
Off-map Airburst Barrage
Matilda II Heavy Tank
Off-map Airburst Barrage
-{CAA}- Akvavi
Fredsch
Turtleboy
oberlet
Brink
[PMT]Reza Rommel
0
0
Comments
sign in to comment!
No comments posted yet!